 Dungeon Crawl Stone Soup version 0.30.1 (webtiles) character file.

Game seed: 14992161447875349346

301 Sabo the Chopper (level 6, -3/48 HPs)
             Began as a Formicid Monk on July 2, 2023.
             Slain by Duvessa
             ... wielding a +0 rapier
              (12 damage)
             ... on level 4 of the Dungeon.
             The game lasted 00:12:30 (2659 turns).

Sabo the Chopper (Formicid Monk)                    Turns: 2659, Time: 00:12:31

Health: -3/48      AC:  6    Str: 18    XL:     6   Next: 64%
Magic:  6/6        EV: 11    Int:  9    God:
Gold:   124        SH:  0    Dex: 16    Spells: 5/5 levels left

rFire   . . .        u - +2 hand axe (elec)
rCold   . . .        d - orb {light}
rNeg    . . .        l - +0 scale mail
rPois   .            (helmet unavailable)
rElec   .            (no cloak)
rCorr   .            (no gloves)
SInv    +            (no boots)
Will    .....        e - amulet of regeneration Stlth
                     m - ring of wizardry
HPRegen 1.08/turn    a - ring of flight
MPRegen 0.10/turn

%: wizardry (x1)
@: flying, glowing
A: permanent stasis, dig shafts and tunnels, antennae 3, four strong arms
a: Dig, Shaft Self


You were on level 4 of the Dungeon.
You visited 1 branch of the dungeon, and saw 4 of its levels.

You collected 124 gold pieces.

Inventory:

Hand Weapons
 i - a +4 short sword
 k - a +0 sling
 q - a +0 war axe
 u - a +2 hand axe of electrocution (weapon)
Armour
 d - an orb of light (worn)
 l - a +0 scale mail (worn)
Jewellery
 a - a ring of flight (right hand)
 e - an amulet of regeneration (around neck)
 m - a ring of wizardry (left hand)
Wands
 f - a wand of charming (7)
Scrolls
 b - a scroll of poison
 g - 2 scrolls of enchant weapon
 n - a scroll of silence {unknown}
 o - a scroll of noise {unknown}
 s - a scroll of amnesia {unknown}
Potions
 c - a potion of ambrosia
 h - a potion of degeneration {unknown}
 j - 4 potions of curing
 r - a potion of brilliance {unknown}
 v - a potion of heal wounds {unknown}


   Skills:
 + Level 4.2 Fighting
 + Level 5.3 Axes
 + Level 2.7 Armour
 + Level 3.4 Dodging
 + Level 0.5 Stealth


You had 5 spell levels left.
You didn't know any spells.
Your spell library contained the following spells:

 Spells                   Type           Power      Damage    Failure   Level
 Slow                     Hex            0%         N/A       45%         1
 Confusing Touch          Hex            0%         N/A       80%         3
 Vampiric Draining        Necr           0%         2d6       80%         3


Dungeon Overview and Level Annotations

Branches:
Dungeon (4/15)
 Temple: D:4-7

Altars:
Ru

Annotations:
D:4 Duvessa


Innate Abilities, Weirdness & Mutations

You cannot be hasted, slowed, berserked, paralysed or teleported.
You can dig through walls and to a lower floor.
You have a pair of large antennae on your head. (SInv)
Your four strong arms can wield two-handed weapons with a shield.


Message History

Duvessa shouts!
A quokka comes into view.
The kobold throws a stone.
The stone hits you but does no damage.
Dowan, Brother of Duvessa comes into view.
He is wielding a +0 dagger and wearing a +0 robe of cold resistance.
Found a robe.
Dowan shouts!
Duvessa hits you with a +0 rapier!
You hit Duvessa but do no damage.
The kobold throws a stone.
The stone closely misses you. Duvessa closely misses you.
You hit Duvessa.
Duvessa is lightly wounded.
The kobold throws a stone.
The stone misses you.
Duvessa says, "My weaknesses are his strengths!"
The quokka bites you. Dowan hits you but does no damage.
Duvessa hits you but does no damage.
You hit Dowan.
Dowan is moderately wounded.
You hit Duvessa but do no damage. You closely miss the quokka.
You hit the kobold.
You kill the kobold!
The quokka barely misses you. Dowan barely misses you.
Duvessa hits you with a +0 rapier!
You hit Dowan.
Dowan is moderately wounded.
You hit Duvessa but do no damage. You hit the quokka but do no damage.
The quokka bites you but does no damage.
Dowan hits you with a +0 dagger. Duvessa barely misses you.
The quokka barely misses you.
You slash Dowan! Lightning courses through Dowan!
You kill Dowan!
Duvessa weeps, and shakes her weapon.
Duvessa goes berserk!
You hit Duvessa but do no damage. Lightning courses through Duvessa!
You closely miss the quokka. Duvessa hits you with a +0 rapier!
The quokka bites you. Duvessa hits you with a +0 rapier!
* * * LOW HITPOINT WARNING * * *
You slash Duvessa!
Duvessa is moderately wounded.
You hit the quokka. Duvessa hits you with a +0 rapier!
You die...

##..........
##...........
............
........... ####
.......... #..###
[........ #....##
#)r......
#.....#####@)......
##.......#.e........
#....)......###.....
#..........## ...#
#...........## .##
#............## .#
#.............## #
#..............##
##.........[....#


You could see Duvessa (berserk) and a quokka.

Vanquished Creatures
  Sigmund (D:4)
  Dowan (D:4)
  2 adders
  A gnoll (D:3)
  A dart slug (D:3)
  3 endoplasms
  4 giant cockroaches
  5 goblins
  4 hobgoblins
  9 kobolds
  5 quokkas
  6 ball pythons
  11 bats
  8 frilled lizards
  5 rats
66 creatures vanquished.

Notes
Turn   | Place    | Note
-------+----------+-------------------------------------------
     0 | D:1      | Sabo the Formicid Monk began the quest for the Orb.
     0 | D:1      | Reached XP level 1. HP: 18/18 MP: 1/1
   469 | D:1      | Reached XP level 2. HP: 24/24 MP: 2/2
   604 | D:1      | Found a faded altar of an unknown god.
   680 | D:1      | Reached XP level 3. HP: 29/29 MP: 3/3
  1755 | D:3      | Reached skill level 1 in Armour
  1755 | D:3      | Reached XP level 4. HP: 21/37 MP: 4/4
  2107 | D:3      | Reached skill level 4 in Axes
  2536 | D:3      | Found a sacrificial altar of Ru.
  2621 | D:4      | Noticed Sigmund
  2643 | D:4      | Killed Sigmund
  2644 | D:4      | Reached skill level 5 in Axes
  2644 | D:4      | Reached XP level 5. HP: 31/42 MP: 5/5
  2644 | D:4      | Reached XP level 6. HP: 36/48 MP: 6/6
  2650 | D:4      | Noticed Duvessa
  2652 | D:4      | Noticed Dowan
  2658 | D:4      | Killed Dowan
  2659 | D:4      | Slain by Duvessa

Illustrated notes

Levels and vault maps discovered:
D:1:      evilmike_arrival_rings, layout_basic, ebering_ecumenical_altar_webs
D:2:      layout_basic, nrook_campfire, minmay_misc_feat_encased
D:3:      layout_loops_ring, mainiacjoe_overflow_alcove_2,
          hangedman_feature_mirror, chequers_serial_rivers_room_b
D:4:      layout_cave_pods, enter_ossuary_3, gammafunk_ghost_stat_death,
          lightli_sewer_entry_pipes, kennysheep_small_circle, uniq_duvessa,
          uniq_sigmund

Skill      XL: |  1  2  3  4 |
---------------+-------------+-----
Dodging        | 3 |  3.4
Armour         | 1 2 |  2.7
Axes           | 5 |  5.3
Fighting       | 4 |  4.2
Stealth        | |  0.5

Action                     |  1- 3 |  4- 6 || total
---------------------------+-------+-------++-------
  Melee: Hand axe          |   111 |    29 ||   140
         War axe           |       |    20 ||    20
    Use: Scroll            |     3 |     2 ||     5
 Armour: Leather armour    |    32 |       ||    32
         Ring mail         |     2 |    14 ||    16
         Scale mail        |       |     6 ||     6
  Dodge: Dodged            |    87 |    47 ||   134
